TOP OF THE 1ST |
El Paso Chihuahuas batting - Pitching for Albuquerque Isotopes : RHP Ryan Sunday
|
Pitching: RHP Ryan Sunday
|
|
Batting: RHB Robby Godwin
|
0-0: Foul Ball, location: 2F 0-1: Ball 1-1: Swinging Strike 1-2: Strikes out swinging
|
Batting: RHB Jeff Brower
|
0-0: Ground out 5-3 (Groundball, 56S, EV 80.0 MPH)
|
Batting: RHB Mike Hayward
|
0-0: Ball 1-0: Swinging Strike 1-1: Ball 2-1: Called Strike 2-2: Foul Ball, location: 2F 2-2: Fly out, F8 (Flyball, 8RD, EV 88.8 MPH)
|
Top of the 1st over - 0 runs, 0 hits, 0 errors, 0 left on base; El Paso 0 - Albuquerque 0 |
BOTTOM OF THE 1ST |
Albuquerque Isotopes batting - Pitching for El Paso Chihuahuas : RHP Pat Matera
|
Pitching: RHP Pat Matera
|
|
Batting: SHB Jamel Wright
|
0-0: Called Strike 0-1: Foul Ball, location: 2F 0-2: Strikes out swinging
|
Batting: RHB Sadataka Kuwahara
|
0-0: Called Strike 0-1: Called Strike 0-2: Ball 1-2: Foul Ball, location: 2F 1-2: Ball 2-2: Ball 3-2: SINGLE (Groundball, 34D, EV 106.2 MPH)
|
Batting: LHB Jason Raker
|
0-0: Ball Sadataka Kuwahara steals 2nd base 1-0: Called Strike 1-1: Foul Ball, location: 2F 1-2: Strikes out swinging
|
Batting: RHB Chris King
|
0-0: Ball 1-0: Ball 2-0: Ball 3-0: Ground out 5-3 (Groundball, 5, EV 78.8 MPH)
|
Bottom of the 1st over - 0 runs, 1 hit, 0 errors, 1 left on base; El Paso 0 - Albuquerque 0 |
TOP OF THE 2ND |
El Paso Chihuahuas batting - Pitching for Albuquerque Isotopes : RHP Ryan Sunday
|
Batting: SHB Adam Martin
|
0-0: SINGLE (Groundball, 34D, EV 103.8 MPH)
|
Pitching: RHP Sam Alexander
|
|
Batting: RHB Andy Sheridan
|
0-0: SINGLE (Line Drive, 89S, EV 103.1 MPH) Adam Martin to second
|
Batting: RHB Jerry Escamilla
|
0-0: Called Strike 0-1: Ball 1-1: Foul Ball, location: 2F 1-2: Ball 2-2: Foul Ball, location: 2F 2-2: Strikes out swinging
|
Batting: LHB Hugo MacBeth
|
0-0: Ball 1-0: Grounds into double play, 3-6-3 (Groundball, 34, EV 108.1 MPH)
|
Top of the 2nd over - 0 runs, 2 hits, 0 errors, 1 left on base; El Paso 0 - Albuquerque 0 |
BOTTOM OF THE 2ND |
Albuquerque Isotopes batting - Pitching for El Paso Chihuahuas : RHP Pat Matera
|
Batting: SHB D.J. Codd
|
0-0: Ball 1-0: Ground out 3-1 (Groundball, 34S, EV 85.6 MPH)
|
Batting: RHB Ben Taylor
|
0-0: Ball 1-0: Ball 2-0: Ball 3-0: Called Strike 3-1: Swinging Strike 3-2: Base on Balls
|
Batting: RHB Hector Silva
|
0-0: Ball 1-0: Ball 2-0: Foul Ball, location: 2F 2-1: Ball 3-1: Base on Balls Ben Taylor to second
|
Batting: RHB Herb McIntyre
|
0-0: Called Strike 0-1: Ball 1-1: Called Strike 1-2: Foul Ball, location: 2F 1-2: Foul Ball, location: 2F 1-2: Foul Ball, location: 2F 1-2: 3-RUN HOME RUN (Flyball, 7D, EV 96.2 MPH), Distance : 366 ft
|
Batting: RHB Jerry Sanchez
|
0-0: Called Strike 0-1: Ball 1-1: Foul Ball, location: 2F 1-2: Ball 2-2: Foul Ball, location: 2F 2-2: Foul Ball, location: 2F 2-2: Ball 3-2: Strikes out swinging
|
Batting: SHB Jamel Wright
|
0-0: Swinging Strike 0-1: Ball 1-1: Swinging Strike 1-2: Ball 2-2: Ball 3-2: Fly out, F7 (Flyball, 78M, EV 86.2 MPH)
|
Bottom of the 2nd over - 3 runs, 1 hit, 0 errors, 0 left on base; El Paso 0 - Albuquerque 3 |
TOP OF THE 3RD |
El Paso Chihuahuas batting - Pitching for Albuquerque Isotopes : RHP Sam Alexander
|
Batting: RHB Danny Bunn
|
0-0: Called Strike 0-1: Ball 1-1: Ball 2-1: Swinging Strike 2-2: Strikes out looking
|
Batting: SHB Harrison McLaughlin
|
0-0: DOUBLE (Line Drive, 9LS, EV 109.4 MPH)
|
Batting: RHB Robby Godwin
|
0-0: Called Strike 0-1: Ball 1-1: Ball 2-1: Swinging Strike 2-2: Ground out 4-3 (Groundball, 4, EV 106.2 MPH) Harrison McLaughlin to third
|
Batting: RHB Jeff Brower
|
0-0: Foul Ball, location: 2F 0-1: Foul Ball, location: 2F 0-2: Fly out, F2 (Popup, 2L, EV 91.9 MPH)
|
Top of the 3rd over - 0 runs, 1 hit, 0 errors, 1 left on base; El Paso 0 - Albuquerque 3 |
BOTTOM OF THE 3RD |
Albuquerque Isotopes batting - Pitching for El Paso Chihuahuas : RHP Pat Matera
|
Batting: RHB Sadataka Kuwahara
|
0-0: Ball 1-0: Ball 2-0: SINGLE (Groundball, 4MD, EV 97.5 MPH)
|
Batting: LHB Jason Raker
|
0-0: Foul Ball, location: 2F 0-1: Called Strike Sadataka Kuwahara steals 2nd base 0-2: Foul Ball, location: 2F 0-2: Ball 1-2: Ground out U3 (Groundball, 34S, EV 83.8 MPH) Sadataka Kuwahara to third
|
Batting: RHB Chris King
|
0-0: Ball 1-0: Ground out 6-3 (Groundball, 6, EV 79.4 MPH) Sadataka Kuwahara scores
|
Batting: SHB D.J. Codd
|
0-0: Ball 1-0: Ball 2-0: Ball 3-0: Base on Balls
|
Batting: RHB Ben Taylor
|
0-0: Fielders Choice at 2nd, 6-4 (Groundball, 6, EV 105.6 MPH)
|
Bottom of the 3rd over - 1 run, 1 hit, 0 errors, 1 left on base; El Paso 0 - Albuquerque 4 |
TOP OF THE 4TH |
El Paso Chihuahuas batting - Pitching for Albuquerque Isotopes : RHP Sam Alexander
|
Batting: RHB Mike Hayward
|
0-0: Ball 1-0: Ball 2-0: Called Strike 2-1: Ball 3-1: Called Strike 3-2: SINGLE (Groundball, 34D, EV 99.4 MPH)
|
Batting: SHB Adam Martin
|
0-0: Ball 1-0: Ball 2-0: Called Strike 2-1: Called Strike 2-2: Strikes out swinging
|
Batting: RHB Andy Sheridan
|
0-0: Ball 1-0: Called Strike 1-1: SINGLE (Line Drive, 8LS, EV 97.5 MPH) Mike Hayward to second Runner from 2nd tries for 3rd, SAFE, throw by CF made to third
|
Batting: RHB Jerry Escamilla
|
0-0: Ball 1-0: Called Strike 1-1: Fly out, F8 (Flyball, 8LXD, EV 90.6 MPH) Runner from 3rd tags up, SCORES, no throw by CF
|
Batting: LHB Hugo MacBeth
|
0-0: Ball 1-0: Swinging Strike 1-1: Fly out, F7 (Flyball, 7, EV 94.4 MPH)
|
Top of the 4th over - 1 run, 2 hits, 0 errors, 1 left on base; El Paso 1 - Albuquerque 4 |
BOTTOM OF THE 4TH |
Albuquerque Isotopes batting - Pitching for El Paso Chihuahuas : RHP Pat Matera
|
Batting: RHB Hector Silva
|
0-0: Ball 1-0: Called Strike 1-1: Ball 2-1: Called Strike 2-2: Fly out, F8 (Flyball, 8LXD, EV 103.8 MPH)
|
Batting: RHB Herb McIntyre
|
0-0: Called Strike 0-1: Ball 1-1: Ball 2-1: Fly out, F8 (Flyball, 8LXD, EV 108.8 MPH)
|
Batting: RHB Jerry Sanchez
|
0-0: Ground out 5-3 (Groundball, 56, EV 86.2 MPH)
|
Bottom of the 4th over - 0 runs, 0 hits, 0 errors, 0 left on base; El Paso 1 - Albuquerque 4 |
TOP OF THE 5TH |
El Paso Chihuahuas batting - Pitching for Albuquerque Isotopes : RHP Sam Alexander
|
Batting: RHB Danny Bunn
|
0-0: SINGLE (Flyball, 8RS, EV 101.9 MPH)
|
Pitching: LHP Matt Wojtkiewicz
|
|
Batting: SHB Harrison McLaughlin
|
0-0: Ball 1-0: SINGLE (Groundball, 56D, EV 105.6 MPH) Danny Bunn to second
|
Batting: RHB Robby Godwin
|
0-0: Fly out, F8 (Line Drive, 8LM, EV 91.9 MPH)
|
Batting: RHB Jeff Brower
|
0-0: DOUBLE (Line Drive, 7LS, EV 103.8 MPH) Danny Bunn scores Harrison McLaughlin to third
|
Batting: RHB Mike Hayward
|
0-0: Ball 1-0: Ball 2-0: Ball 3-0: Base on Balls
|
Batting: SHB Adam Martin
|
0-0: Called Strike 0-1: Ball 1-1: Ball 2-1: Called Strike 2-2: Strikes out swinging
|
Batting: RHB Andy Sheridan
|
0-0: Ball 1-0: Called Strike 1-1: Ball 2-1: Swinging Strike 2-2: Strikes out looking
|
Top of the 5th over - 1 run, 3 hits, 0 errors, 3 left on base; El Paso 2 - Albuquerque 4 |
BOTTOM OF THE 5TH |
Albuquerque Isotopes batting - Pitching for El Paso Chihuahuas : RHP Pat Matera
|
Batting: SHB Jamel Wright
|
0-0: Swinging Strike 0-1: Swinging Strike 0-2: Strikes out looking
|
Batting: RHB Sadataka Kuwahara
|
0-0: Called Strike 0-1: Swinging Strike 0-2: SINGLE (Groundball, 4MD, EV 96.2 MPH)
|
Batting: LHB Jason Raker
|
0-0: Ball 1-0: Ball 2-0: Ball 3-0: Called Strike 3-1: Base on Balls Sadataka Kuwahara to second
|
Batting: RHB Chris King
|
0-0: Called Strike 0-1: Ball 1-1: SINGLE (Groundball, 56D, EV 106.2 MPH) Sadataka Kuwahara to third Jason Raker to second Runner from 3rd tries for Home, SAFE, throw by LF to home
|
Pitching: RHP Frank Diaz
|
|
Batting: SHB D.J. Codd
|
0-0: Ball 1-0: Ball 2-0: Called Strike 2-1: Foul Ball, location: 2F 2-2: Ball 3-2: Base on Balls Jason Raker to third Chris King to second
|
Batting: RHB Ben Taylor
|
0-0: Grounds into double play, 4-6-3 (Groundball, 34, EV 88.1 MPH)
|
Bottom of the 5th over - 1 run, 2 hits, 0 errors, 2 left on base; El Paso 2 - Albuquerque 5 |
TOP OF THE 6TH |
El Paso Chihuahuas batting - Pitching for Albuquerque Isotopes : LHP Matt Wojtkiewicz
|
Batting: RHB Jerry Escamilla
|
0-0: Ball 1-0: Called Strike 1-1: Ball 2-1: Swinging Strike 2-2: Foul Ball, location: 2F 2-2: Ball 3-2: Base on Balls
|
Batting: LHB Hugo MacBeth
|
0-0: Ball 1-0: Ball 2-0: Called Strike 2-1: Ball 3-1: Foul Ball, location: 2F Pickoff Play to 1st, Runner tries for 2nd, OUT after rundown. 3-2: Base on Balls
|
Batting: RHB Danny Bunn
|
0-0: Ball 1-0: Reached on error, E1 (Groundball, 13S, EV 71.9 MPH) Hugo MacBeth to second
|
Batting: SHB Harrison McLaughlin
|
0-0: Ball 1-0: Ball 2-0: Swinging Strike 2-1: Called Strike 2-2: Strikes out swinging
|
Batting: RHB Robby Godwin
|
0-0: Ball 1-0: Ball 2-0: Called Strike 2-1: Swinging Strike 2-2: Ball 3-2: Foul Ball, location: 2F 3-2: Foul Ball, location: 2F 3-2: Strikes out swinging
|
Top of the 6th over - 0 runs, 0 hits, 1 error, 2 left on base; El Paso 2 - Albuquerque 5 |
BOTTOM OF THE 6TH |
Albuquerque Isotopes batting - Pitching for El Paso Chihuahuas : RHP Frank Diaz
|
Batting: RHB Hector Silva
|
0-0: Called Strike 0-1: Swinging Strike 0-2: SOLO HOME RUN (Flyball, 7D, EV 96.9 MPH), Distance : 383 ft
|
Batting: RHB Herb McIntyre
|
0-0: Ball 1-0: Ball 2-0: Ball 3-0: Called Strike 3-1: Fly out, F8 (Flyball, 78D, EV 97.5 MPH)
|
Batting: RHB Jerry Sanchez
|
0-0: Foul Ball, location: 2F 0-1: Swinging Strike 0-2: Foul Ball, location: 2F 0-2: Ball 1-2: Ball 2-2: Fly out, F7 (Flyball, 7S, EV 90.0 MPH)
|
Batting: SHB Jamel Wright
|
0-0: Ball 1-0: Foul Ball, location: 2F 1-1: Ball 2-1: Ball 3-1: Ground out 6-3 (Groundball, 6M, EV 87.5 MPH)
|
Bottom of the 6th over - 1 run, 1 hit, 0 errors, 0 left on base; El Paso 2 - Albuquerque 6 |
TOP OF THE 7TH |
El Paso Chihuahuas batting - Pitching for Albuquerque Isotopes : LHP Matt Wojtkiewicz
|
Pitching: RHP Josh Kenyon
|
|
Batting: RHB Jeff Brower
|
0-0: Called Strike 0-1: Foul Ball, location: 2F 0-2: Ball 1-2: Ball 2-2: Ball 3-2: Foul Ball, location: 2F 3-2: Foul Ball, location: 2F 3-2: SINGLE (Line Drive, 34D, EV 97.5 MPH)
|
Batting: RHB Mike Hayward
|
0-0: Called Strike Jeff Brower is caught stealing 2nd base 2-4 0-1: Swinging Strike 0-2: Ball 1-2: Strikes out swinging
|
Batting: SHB Adam Martin
|
0-0: Ball 1-0: Called Strike 1-1: Ball 2-1: Foul Ball, location: 2F 2-2: Foul Ball, location: 2F 2-2: Ball 3-2: Foul Ball, location: 2F 3-2: Ground out 6-3 (Groundball, 6, EV 81.2 MPH)
|
Top of the 7th over - 0 runs, 1 hit, 0 errors, 0 left on base; El Paso 2 - Albuquerque 6 |
BOTTOM OF THE 7TH |
Albuquerque Isotopes batting - Pitching for El Paso Chihuahuas : RHP Frank Diaz
|
Batting: RHB Sadataka Kuwahara
|
0-0: Called Strike 0-1: Foul Ball, location: 2F 0-2: Ball 1-2: Ground out 3-1 (Groundball, 34, EV 86.2 MPH)
|
Batting: LHB Jason Raker
|
0-0: Called Strike 0-1: Called Strike 0-2: Foul Ball, location: 2F 0-2: SINGLE (Line Drive, 56D, EV 98.8 MPH)
|
Batting: RHB Chris King
|
0-0: Called Strike 0-1: Foul Ball, location: 2F 0-2: Fly out, F8 (Flyball, 89M, EV 86.2 MPH)
|
Batting: SHB D.J. Codd
|
0-0: Called Strike 0-1: Ball 1-1: Foul Ball, location: 2F 1-2: Strikes out swinging
|
Bottom of the 7th over - 0 runs, 1 hit, 0 errors, 1 left on base; El Paso 2 - Albuquerque 6 |
TOP OF THE 8TH |
El Paso Chihuahuas batting - Pitching for Albuquerque Isotopes : RHP Josh Kenyon
|
Pitching: RHP Jeff Swomley
|
|
Batting: RHB Andy Sheridan
|
0-0: Ball 1-0: Ground out U3 (Groundball, 3S, EV 80.6 MPH)
|
Batting: RHB Jerry Escamilla
|
0-0: SINGLE (Groundball, 3D, EV 104.4 MPH)
|
Batting: LHB Hugo MacBeth
|
0-0: Ball 1-0: Ball 2-0: Grounds into double play, 4-6-3 (Groundball, 4, EV 80.6 MPH)
|
Top of the 8th over - 0 runs, 1 hit, 0 errors, 0 left on base; El Paso 2 - Albuquerque 6 |
BOTTOM OF THE 8TH |
Albuquerque Isotopes batting - Pitching for El Paso Chihuahuas : RHP Frank Diaz
|
Pitching: RHP Curtis Gumbs
|
|
Batting: RHB Ben Taylor
|
0-0: Ball 1-0: Ball 2-0: Called Strike 2-1: Foul Ball, location: 2F 2-2: Strikes out swinging
|
Batting: RHB Hector Silva
|
0-0: Ball 1-0: Ball 2-0: Ball 3-0: Base on Balls
|
Batting: RHB Herb McIntyre
|
0-0: Called Strike 0-1: Foul Ball, location: 2F 0-2: Fly out, F9 (Flyball, 9LM, EV 90.0 MPH)
|
Batting: RHB Jerry Sanchez
|
0-0: SINGLE (Flyball, 89M, EV 90.6 MPH) Hector Silva to second Runner from 2nd tries for 3rd, OUT! 9-5
|
Bottom of the 8th over - 0 runs, 1 hit, 0 errors, 1 left on base; El Paso 2 - Albuquerque 6 |
TOP OF THE 9TH |
El Paso Chihuahuas batting - Pitching for Albuquerque Isotopes : RHP Jeff Swomley
|
Batting: RHB Danny Bunn
|
0-0: Called Strike 0-1: Ground out 6-3 (Groundball, 6, EV 102.5 MPH)
|
Batting: SHB Harrison McLaughlin
|
0-0: Ball 1-0: Called Strike 1-1: Ball 2-1: Ball 3-1: Base on Balls
|
Batting: RHB Robby Godwin
|
0-0: Called Strike 0-1: Ball 1-1: Ball 2-1: Ball 3-1: Base on Balls Harrison McLaughlin to second
|
Pitching: RHP Ernie Schmutz
|
|
Batting: RHB Jeff Brower
|
0-0: Ball 1-0: Swinging Strike 1-1: Foul Ball, location: 2F 1-2: Ball 2-2: Ball 3-2: Foul Ball, location: 2F 3-2: Strikes out swinging
|
Batting: RHB Mike Hayward
|
0-0: Ball 1-0: Ball 2-0: Foul Ball, location: 2F 2-1: Ball 3-1: Fielders Choice at 2nd, 6-4 (Groundball, 6, EV 85.0 MPH)
|
Top of the 9th over - 0 runs, 0 hits, 0 errors, 2 left on base; El Paso 2 - Albuquerque 6 |
|